 Dungeon Crawl Stone Soup version 0.27-a0-1200-g94dc6ad4cf (webtiles) character file.

Game seed: 11508880720829105923

157321 Feb132020 the Eclecticist (level 16, -14/79 HPs)
             Began as a Spriggan Earth Elementalist on May 25, 2021.
             Was a High Priest of Ashenzari.
             Demolished by a naga
             ... wielding a +0 battleaxe
              (25 damage)
             ... on level 2 of the Snake Pit on May 30, 2021.
             The game lasted 05:15:44 (43042 turns).

Feb132020 the Eclecticist (SpEE)                   Turns: 43042, Time: 05:15:45

Health: -14/79     AC:  7    Str:  6    XL:     16   Next: 84%
Magic:  0/42       EV: 26    Int: 20    God:    Ashenzari [*****.]
Gold:   1799       SH: 10    Dex: 17    Spells: 12/58 levels left

rFire    + . .     SeeInvis +   v - +9 dagger of the Ensconced Pleiades {drain, *Noise rC+++ rN+ rCorr, Evo, Comp} (curse)
rCold    + + +     Faith    .   R - +2 buckler "Shackled With Me" {Evo, Cun} (curse)
rNeg     + . .     Spirit   +   S - +0 troll leather armour "Lashed Portent" {Regen+, Bglg, Fort} (curse)
rPois    .         Reflect  .   (helmet restricted)
rElec    .         Harm     .   c - +2 cloak of Ashenzari's Burden {Comp, Fort} (curse)
rCorr    +         Rampage  .   (gloves unavailable)
Will     +++..     Clarity  +   (boots unavailable)
Stlth    +++++++...             C - amulet "Restrained Together" {Spirit, Self, Bglg} (curse)
HPRegen  1.23/turn              h - ring of Ashenzari's Mistrust {rF+, Melee, Cun} (curse)
MPRegen  0.28/turn              o - ring "Fetters of Ashenzari" {Will+, Cun, Bglg} (curse)

@: very quick
A: very small, no large weapons, unfitting armour, see invisible, speed 3
}: 1/15 runes: barnacled
a: Renounce Religion, Curse Item, Shatter the Chains


You were on level 2 of the Snake Pit.
You worshipped Ashenzari.
Ashenzari was extremely pleased with you.
You visited 6 branches of the dungeon, and saw 27 of its levels.
You also visited: Ice Cave.

You collected 3303 gold pieces.
You spent 1504 gold pieces at shops.

Inventory:

Hand Weapons
 d - a +1 dagger
 v - the cursed +9 dagger of the Ensconced Pleiades (weapon) {drain, *Noise rC+++ rN+ rCorr, Evo, Comp}
   (You found it on level 6 of the Dungeon)

   A truly terrible weapon, it drains the life of those it strikes.
   It renders you almost immune to cold.
   It protects you from negative energy.
   It may make noises in combat.
   It protects you from acid and corrosion.
   It has a curse which improves the following skills: Evocations: Evocations.
   Companions: Summonings and Necromancy.
Missiles
 b - 605 stones
 z - 5 throwing nets
 L - 12 atropa-tipped darts
 P - a curare-tipped dart
Armour
 c - the cursed +2 cloak of Ashenzari's Burden (worn) {Comp, Fort}
   (You took it off Maurice on level 12 of the Dungeon)

   It has a curse which improves the following skills: Companions: Summonings
   and Necromancy.
   Fortitude: Armour and Shields.
 R - the cursed +2 buckler "Shackled With Me" (worn) {Evo, Cun}
   (You found it on level 10 of the Dungeon)

   It has a curse which improves the following skills: Evocations: Evocations.
   Cunning:   Dodging and Stealth.
 S - the cursed +0 troll leather armour "Lashed Portent" (worn) {Regen+, Bglg, Fort}
   (You found it on level 11 of the Dungeon)

   It increases your rate of health regeneration.
   It has a curse which improves the following skills: Beguiling: Conjurations,
   Hexes and Translocations.
   Fortitude: Armour and Shields.
Magical Staves
 l - a staff of poison
Jewellery
 a - a ring of flight
 h - the cursed ring of Ashenzari's Mistrust (left hand) {rF+, Melee, Cun}
   (You found it on level 5 of the Dungeon)

   [ring of protection from fire]

   It protects you from fire.
   It has a curse which improves the following skills: Melee Combat: Short
   Blades, Long Blades, Axes, Maces & Flails, Polearms, Staves and Unarmed
   Combat.
   Cunning:   Dodging and Stealth.
 o - the cursed ring "Fetters of Ashenzari" (right hand) {Will+, Cun, Bglg}
   (You found it on level 3 of the Dungeon)

   [ring of willpower]

   It increases your willpower.
   It has a curse which improves the following skills: Cunning: Dodging and
   Stealth.
   Beguiling: Conjurations, Hexes and Translocations.
 q - a ring of resist corrosion
 x - a ring of fire
 y - a +4 ring of slaying
 C - the cursed amulet "Restrained Together" (around neck) {Spirit, Self, Bglg}
   (You found it on level 2 of the Lair of Beasts)

   [amulet of guardian spirit]

   It causes incoming damage to be divided between your reserves of health and
   magic.
   It has a curse which improves the following skills: Introspection: Fighting
   and Spellcasting.
   Beguiling: Conjurations, Hexes and Translocations.
 J - a +4 ring of evasion
 M - a ring of wizardry
 N - a ring of wizardry
 Q - a ring of protection from cold
 W - an amulet of magic regeneration
 Z - a ring of wizardry
Wands
 m - a wand of iceblast (16)
 r - a wand of digging (16)
 s - a wand of charming (11)
 u - a wand of flame (20)
 D - a wand of paralysis (23)
 H - a wand of mindburst (5)
 I - a wand of acid (24)
 K - a wand of polymorph (9)
Scrolls
 f - 7 scrolls of amnesia
 g - 5 scrolls of magic mapping
 i - 8 scrolls of teleportation
 p - 3 scrolls of enchant weapon
 w - 4 scrolls of fear
 A - 3 scrolls of fog
 F - a scroll of brand weapon
 T - a scroll of summoning
 U - 2 scrolls of silence
 V - 2 scrolls of enchant armour
Potions
 e - 11 potions of curing
 j - 4 potions of might
 k - a potion of flight
 n - 2 potions of heal wounds
 t - a potion of mutation
 B - 3 potions of haste
 E - 3 potions of cancellation
 G - 2 potions of brilliance
 O - 3 potions of magic
 X - a potion of invisibility
Miscellaneous
 Y - a condenser vane (inert)


   Skills:
 + Level 4.0(6.5) Fighting
 + Level 8.6(11.2) Short Blades
 + Level 1.5(4.1) Armour
 + Level 9.5(14.5) Dodging
 + Level 14.3(19.0) Stealth
 + Level 3.4(7.0) Shields
 + Level 19.9(21.8) Spellcasting
 - Level 5.0(10.0) Conjurations
 + Level 6.7(11.9) Hexes
 * Level 9.7(14.6) Translocations
 + Level 9.2 Transmutations
 * Level 3.4 Fire Magic
 + Level 5.2 Air Magic
 + Level 11.0 Earth Magic
 + Level 5.3 Poison Magic
 + Level 6.1(10.2) Evocations


You had 12 spell levels left.
You knew the following spells:

 Your Spells              Type           Power      Damage    Failure   Level
a - Sandblast             Erth           100%       2d20      1%          1
b - Stone Arrow           Conj/Erth      100%       3d13      1%          3
c - Petrify               Tmut/Erth      58%        N/A       1%          4
d - Magic Dart            Conj           100%       1d8       1%          1
e - Searing Ray           Conj           100%       3d7       1%          2
f - Dazzling Flash        Conj/Hex       100%       N/A       1%          3
g - Iskenderun's Mystic   Conj/Tloc      63%        2d13      1%          4
h - Poisonous Vapours     Pois/Air       86%        N/A       1%          2
i - Fulminant Prism       Conj/Hex       30%        3d16      1%          4
j - Mephitic Cloud        Conj/Pois/Air  49%        N/A       1%          3
k - Dispersal             Tloc           34%        N/A       1%          6
l - Lee's Rapid Deconstr  Erth           30%        3d17*     1%          5
m - Bolt of Magma         Conj/Fire/Erth 26%        4d12      3%          5
p - Passwall              Tmut/Erth      48%        N/A       1%          2
A - Apportation           Tloc           100%       N/A       0%          1

Your spell library contained the following spells:

 Spells                   Type           Power      Damage    Failure   Level
 Corona                   Hex            68%        N/A       1%          1
 Sting                    Tmut/Pois      100%       1d8       1%          1
 Ensorcelled Hibernation  Hex/Ice        90%        N/A       1%          2
 Confusing Touch          Hex            62%        N/A       1%          3
 Conjure Flame            Conj/Fire      49%        6-21      1%          3
 Lesser Beckoning         Tloc           34%        N/A       1%          3
 Tukima's Dance           Hex            62%        N/A       1%          3
 Hydra Form               Tmut           28%        N/A       1%          5
 Irradiate                Conj/Tmut      28%        3d22      1%          5
 Animate Skeleton         Necr           48%        N/A       2%          1
 Summon Small Mammal      Summ           96%        N/A       2%          1
 Freeze                   Ice            84%        1d10      3%          1
 Invisibility             Hex            62%        N/A       3%          6
 Ice Form                 Ice/Tmut       40%        N/A       4%          4
 Alistair's Intoxication  Tmut/Pois      33%        N/A       4%          5
 Iron Shot                Conj/Erth      29%        9d6       6%          6
 Statue Form              Tmut/Erth      38%        N/A       8%          6
 Blade Hands              Tmut           28%        N/A       11%         6
 Freezing Cloud           Conj/Ice/Air   21%        6-21      52%         6
 Dragon Form              Tmut           28%        N/A       52%         7
 Ozocubu's Refrigeration  Ice            10%        4d7       100%        7


Dungeon Overview and Level Annotations

Branches:
Dungeon (12/15)            Temple (1/1) D:6            Lair (6/6) D:8
 Shoals (4/4) Lair:3        Snake (2/4) Lair:4        Slime (0/5) Lair:6
    Orc (2/2) D:10            Elf (0/3) Orc:2         IceCv (visited)

Altars:
Ashenzari
Cheibriados
Dithmenos
Elyvilon
Fedhas
Gozag
Hepliaklqana
Kikubaaqudgha
Makhleb
Nemelex Xobeh
Okawaru
Qazlal
Ru
Sif Muna
Trog
Uskayaw
Vehumet
Wu Jian
Xom
Yredelemnul
Zin
The Shining One
Beogh
Jiyva
Lugonu

Shops:
D:2 ?   D:5 :   D:8 *   Orc:1 *   Orc:2 (:[(*

Portals:
Hell: Lair:6

Annotations:
D:12 Azrael
Shoals:3 Ismar's ghost, adept TeWz
Snake:1 3 runed translucent doors, Sergey's ghost, journeyman DDFi
Snake:2 Aizul


Innate Abilities, Weirdness & Mutations

You are very small and have problems with some larger weapons.
You are too small for most types of armour.
You have supernaturally acute eyesight. (SInv)
You cover ground extremely quickly. (Speed+++)


Message History

Press: ? - help, Shift-Dir - straight line, f/p - naga
Aim: a naga, wielding a +0 glaive (heavily wounded, strong, 84% to hit)
The blast of sand hits the naga!
The naga is almost dead.
The naga no longer looks unusually strong.
Unknown command.
Unknown command.
Unknown command.
Casting: Sandblast (safe; 1% risk of failure)
Confirm with . or Enter, or press ? or * to list all spells.
Aiming: Sandblast (safe; 1% risk of failure)
Press: ? - help, Shift-Dir - straight line, f/p - naga
Aim: a naga, wielding a +0 glaive (almost dead, strong, 84% to hit)
The blast of sand hits the naga!
You kill the naga!
As you read the scroll of teleportation, it crumbles to dust.
You feel strangely unstable.
Your surroundings suddenly seem different.
The naga warrior shouts!
An anaconda comes into view.
The anaconda hisses angrily.
You hear a shout!
The naga sharpshooter unwields a +0 mace.
The naga sharpshooter wields a +1 shortbow of freezing.
It is covered in frost.
The naga sharpshooter shoots an arrow.
You block the arrow.
The naga shouts!
A naga and a shock serpent come into view.
The naga is wielding a +2 dire flail of draining.
The shock serpent hisses angrily.
The black mamba hisses angrily.
The naga shouts! x2
The naga misses you. The naga completely misses you.
There is a stone staircase leading up here.
The naga warrior spits poison at you. The splash of poison misses you.
The naga sharpshooter shoots an arrow.
The arrow hits you!!
* * * LOW HITPOINT WARNING * * *
The arrow freezes you.
* * * LOW HITPOINT WARNING * * *
The naga hits you with a +0 battleaxe!!
You die...

,, ,, ,,** ,
#...N....,,,* ,
#...........##
#....SS......# **
#S...........#* *
##....)...$...##
##...S.........{
, ##.N.NN......#
,
##@...N..N†.##.#
##.........##.##*
##.....N..#######
##.N......##.####
##.S.N##.###.####
#....##..#...###
#...........####
#...#..##..#####
#..##.###N######


You could see Aizul, 2 naga warriors, a naga sharpshooter, a salamander mystic,
2 salamanders, an anaconda, a shock serpent, 2 black mambas and 3 nagas.

Vanquished Creatures
  Rupert (Lair:4)
  A storm dragon (D:12)
  An orc warlord (Orc:2)
  A reaper (IceCv)
  4 merfolk javelineers
  An ettin (Orc:2)
  Snorg (Orc:1)
  Josephine (Orc:1)
  5 merfolk impalers
  Erolcha (Orc:2)
  3 naga warriors
  5 hydras
  2 boulder beetles
  A centaur warrior (D:12)
  An ogre mage (D:12)
  3 merfolk avatars
  An ice dragon (D:11)
  4 anacondas
  A catoblepas (Lair:2)
  7 merfolk aquamancers
  3 orc high priests (Orc:1)
  4 two-headed ogres
  2 death yaks (Lair:6)
  3 satyrs (Shoals:3)
  A shock serpent (Snake:2)
  3 naga sharpshooters (Snake:1)
  A sixfirhy (Lair:6)
  20 sea snakes
  2 naga ritualists (Snake:1)
  An obsidian statue (Shoals:3)
  A wizard (Lair:6)
  6 harpies
  An ugly thing (D:12)
  4 orc knights (Orc:1)
  A deep elf pyromancer (D:12)
  7 mana vipers
  4 cyclopes (D:12)
  An orc sorcerer (Orc:2)
  A wolf spider (D:12)
  11 manticores
  3 salamanders
  18 fauns
  5 merfolk sirens
  9 elephants
  Maurice (D:12)
  A guardian serpent (Snake:2)
  2 water nymphs
  23 black mambas
  2 naga magi (Snake:1)
  Joseph (D:9)
  13 cane toads
  An orange demon (Lair:6)
  7 komodo dragons
  An unseen horror (D:12)
  A kobold demonologist (D:11)
  A hellwing (Lair:6)
  4 rime drakes
  12 ice devils
  3 red devils (Lair:6)
  7 trolls
  6 polar bears
  A meliai (D:12)
  19 merfolk
  4 slime creatures (D:12)
  7 wind drakes
  A hornet (D:7)
  16 snapping turtles
  10 blink frogs
  7 dream sheep
  Sigmund (D:3)
  11 water elementals
  A vampire (D:10)
  5 wraiths
  4 wyverns
  6 basilisks
  4 fire bats (D:10)
  2 fire elementals (D:12)
  41 yaks
  8 nagas
  2 wargs
  14 water moccasins
  8 hell hounds
  4 sky beasts
  A black bear (D:6)
  33 orc warriors
  2 necrophages
  9 wolves
  5 centaurs
  12 ogres
  6 kobold brigands
  12 bullfrogs
  2 gnoll sergeants
  5 scorpions (D:5)
  16 killer bees
  11 wights
  5 electric eels
  2 howler monkeys
  2 lava snakes (D:10)
  3 centaur zombies
  4 hounds
  A gnoll shaman (D:6)
  20 orc priests
  3 jellies
  A centaur skeleton (D:4)
  2 iguanas (D:6)
  23 orc wizards
  Natasha (D:2)
  A killer bee zombie (D:8)
  A howler monkey zombie (D:9)
  8 adders
  16 gnolls
  A shadow imp (D:5)
  8 white imps (IceCv)
  7 ufetubi (IceCv)
  A worm (D:2)
  3 dart slugs
  58 orcs
  7 ball pythons
  6 endoplasms
  3 giant cockroaches
  9 goblins
  10 hobgoblins
  8 jackals (D:3)
  5 quokkas
  5 bats
  2 frilled lizards (D:1)
  29 kobolds
  4 rats
  3 fire vortices (D:10)
795 creatures vanquished.

Vanquished Creatures (others)
  A human (D:7)
  2 white imps (IceCv)
  3 ufetubi (IceCv)
  A bush (Lair:3)
  68 fulminant prisms
  55 fungi
  160 plants
  4 tentacles (Shoals:2)
294 creatures vanquished.

Grand Total: 1089 creatures vanquished

Notes
Turn   | Place    | Note
-------+----------+-------------------------------------------
     0 | D:1      | Feb132020 the Spriggan Earth Elementalist began the quest
                  | for the Orb.
     0 | D:1      | Reached XP level 1. HP: 9/9 MP: 5/5
   132 | D:1      | Reached skill level 3 in Spellcasting
   181 | D:1      | Reached XP level 2. HP: 13/13 MP: 4/7
   477 | D:1      | Learned a level 2 spell: Passwall
  1287 | D:1      | Reached XP level 3. HP: 16/16 MP: 8/8
  1291 | D:1      | Learned a level 3 spell: Stone Arrow
  1982 | D:2      | Found a snail-covered altar of Cheibriados.
  2210 | D:1      | Reached skill level 1 in Short Blades
  2364 | D:2      | Found a faded altar of an unknown god.
  2625 | D:2      | Noticed Natasha
  2697 | D:2      | Killed Natasha
  2698 | D:2      | Reached XP level 4. HP: 21/21 MP: 8/10
  2740 | D:2      | Found Heutruf's Magic Scroll Shoppe.
  2823 | D:2      | Bought a scroll of identify for 26 gold pieces
  2958 | D:3      | Found a radiant altar of Vehumet.
  2959 | D:3      | Noticed a necrophage
  3050 | D:3      | Killed a necrophage
  3051 | D:3      | Reached skill level 1 in Fighting
  3051 | D:3      | Reached skill level 1 in Conjurations
  3051 | D:3      | Reached XP level 5. HP: 16/25 MP: 6/11
  3229 | D:3      | Reached skill level 4 in Spellcasting
  3974 | D:3      | Noticed Sigmund
  4260 | D:3      | Found a glowing golden altar of the Shining One.
  4308 | D:3      | Killed Sigmund
  4309 | D:3      | Reached XP level 6. HP: 22/30 MP: 7/14
  4558 | D:3      | Found an ornate altar of the Wu Jian Council.
  4558 | D:3      | Found a basalt altar of Yredelemnul.
  4686 | D:4      | Found a sparkling altar of Nemelex Xobeh.
  4704 | D:4      | Reached skill level 5 in Spellcasting
  4704 | D:4      | Reached XP level 7. HP: 33/33 MP: 15/15
  5220 | D:4      | Reached skill level 5 in Stealth
  5460 | D:4      | Reached skill level 6 in Spellcasting
  5840 | D:5      | Entered Level 5 of the Dungeon
  5920 | D:5      | Reached XP level 8. HP: 38/38 MP: 13/18
  6027 | D:5      | Reached skill level 7 in Spellcasting
  6098 | D:5      | Learned a level 4 spell: Petrify
  6485 | D:5      | Found Vaegar's Book Shoppe.
  6860 | D:6      | Found a staircase to the Ecumenical Temple.
  7143 | D:6      | Reached skill level 8 in Spellcasting
  7151 | Temple   | Entered the Ecumenical Temple
  7326 | Temple   | Became a worshipper of Ashenzari the Shackled
  7368 | D:6      | Reached skill level 5 in Dodging
  7830 | D:6      | Reached XP level 9. HP: 25/42 MP: 4/22
  8142 | D:6      | Found a hazy altar of Hepliaklqana.
  8315 | D:6      | Identified the +9 dagger "Killer Klown's Curse" {drain,
                  | *Noise rC+++ rN+ rCorr}
  8513 | D:7      | Reached skill level 5 in Earth Magic
  8676 | D:7      | Reached skill level 9 in Spellcasting
  8803 | D:7      | Found an ancient bone altar of Kikubaaqudgha.
  8826 | D:7      | Learned a level 1 spell: Magic Dart
  8829 | D:7      | Learned a level 2 spell: Searing Ray
  8833 | D:7      | Learned a level 3 spell: Dazzling Flash
  8974 | D:7      | Reached skill level 5 in Transmutations
  9067 | D:7      | Reached skill level 1 in Hexes
 10063 | D:7      | Found a sacrificial altar of Ru.
 10123 | D:8      | Reached * piety under Ashenzari
 10255 | D:8      | Reached XP level 10. HP: 47/47 MP: 15/24
 10343 | D:8      | Found a glowing silver altar of Zin.
 10454 | D:8      | Reached skill level 10 in Spellcasting
 10588 | D:8      | Found a staircase to the Lair.
 10730 | D:8      | Found Iwud's Elemental Accessories.
 11204 | D:8      | Found an opulent altar of Gozag.
 11236 | Lair:1   | Entered Level 1 of the Lair of Beasts
 11606 | Lair:1   | Reached skill level 11 in Spellcasting
 11802 | Lair:1   | Noticed a cane toad
 11811 | Lair:1   | Killed a cane toad
 11812 | Lair:1   | Reached skill level 5 in Conjurations
 11843 | Lair:1   | Noticed a cane toad
 11849 | Lair:1   | Killed a cane toad
 11913 | Lair:1   | Noticed a cane toad
 12085 | Lair:1   | Reached ** piety under Ashenzari
 12234 | Lair:1   | Killed a cane toad
 12610 | Lair:2   | Reached XP level 11. HP: 43/51 MP: 10/27
 12734 | Lair:1   | Reached *** piety under Ashenzari
 12876 | Lair:2   | Reached skill level 12 in Spellcasting
 12879 | Lair:2   | Reached skill level 5 in Hexes
 13219 | Lair:2   | Reached **** piety under Ashenzari
 13413 | Lair:2   | Noticed a catoblepas
 13461 | Lair:2   | Killed a catoblepas
 13945 | Lair:3   | Found a staircase to the Shoals.
 14169 | Lair:3   | Found an ornate altar of the Wu Jian Council.
 14235 | Lair:3   | Noticed an eight-headed hydra
 14238 | Lair:3   | Killed an eight-headed hydra
 14633 | Lair:3   | Reached skill level 5 in Short Blades
 14842 | Lair:3   | Reached skill level 13 in Spellcasting
 14847 | Lair:3   | Learned a level 4 spell: Iskenderun's Mystic Blast
 15003 | Lair:4   | Noticed Rupert
 15010 | Lair:4   | Killed Rupert
 15011 | Lair:4   | Reached XP level 12. HP: 59/59 MP: 13/32
 15105 | Lair:4   | Noticed an eight-headed hydra
 15116 | Lair:4   | Killed an eight-headed hydra
 15190 | Lair:4   | Found a staircase to the Snake Pit.
 15449 | Lair:4   | Reached skill level 10 in Stealth
 15654 | Lair:4   | Noticed an eight-headed hydra
 15678 | Lair:4   | Killed an eight-headed hydra
 16390 | Lair:5   | Identified the +7 ring mail of Disappointment {rN+ Int+2
                  | Stlth+}
 16482 | Lair:5   | Learned a level 2 spell: Poisonous Vapours
 16487 | Lair:5   | Learned a level 4 spell: Fulminant Prism
 16491 | Lair:5   | Learned a level 3 spell: Mephitic Cloud
 16668 | Lair:5   | Reached skill level 1 in Evocations
 16735 | Lair:5   | Reached skill level 14 in Spellcasting
 16895 | Lair:5   | Noticed an eight-headed hydra
 16899 | Lair:5   | Killed an eight-headed hydra
 16989 | Lair:5   | Reached skill level 5 in Translocations
 17191 | Lair:6   | Entered Level 6 of the Lair of Beasts
 17872 | Lair:6   | Reached XP level 13. HP: 63/63 MP: 28/34
 18179 | Lair:6   | Found a staircase to the Slime Pits.
 18179 | Lair:6   | Found a viscous altar of Jiyva.
 18651 | Lair:6   | Reached skill level 1 in Poison Magic
 18848 | Lair:6   | Reached skill level 15 in Spellcasting
 19385 | Lair:6   | Reached skill level 5 in Evocations
 19495 | Lair:6   | Found a burning altar of Makhleb.
 19770 | Lair:6   | Reached skill level 1 in Air Magic
 20576 | Lair:6   | Found a gateway to Hell.
 20938 | D:9      | Noticed Joseph
 20941 | D:9      | Killed Joseph
 20950 | D:9      | Found a shimmering blue altar of Sif Muna.
 21371 | D:9      | Found a hide-covered altar of Uskayaw.
 21504 | D:10     | Entered Level 10 of the Dungeon
 21529 | D:10     | Found a large runed translucent door.
 21529 | D:10     | Found a large runed translucent door.
 21564 | D:10     | Identified Sif Muna's Volume of Earthen Transmutation
 21610 | D:10     | Reached skill level 16 in Spellcasting
 21615 | D:10     | Found a bloodstained altar of Trog.
 21739 | D:10     | Found a white marble altar of Elyvilon.
 21881 | D:10     | Reached ***** piety under Ashenzari
 21938 | D:10     | Found a staircase to the Orcish Mines.
 22443 | D:10     | Found a snail-covered altar of Cheibriados.
 22556 | D:10     | Found an iron altar of Okawaru.
 22639 | Orc:1    | Entered Level 1 of the Orcish Mines
 22647 | Orc:1    | Noticed Josephine
 22647 | Orc:1    | Killed Josephine
 22658 | Orc:1    | Noticed Snorg
 22669 | Orc:1    | Killed Snorg
 23596 | Orc:2    | Entered Level 2 of the Orcish Mines
 23610 | Orc:2    | Reached XP level 14. HP: 68/68 MP: 35/37
 23633 | Orc:2    | Found Ejiu's Antique Weapon Shop.
 23814 | Orc:1    | Upgraded the game from 0.27-a0-1193-g8631133539 to
                  | 0.27-a0-1196-g3e9cee4cb2
 23933 | Orc:2    | Found Caadeleb's Weapon Shoppe.
 23933 | Orc:2    | Found Potahuacos's Antique Armour Shop.
 24243 | Orc:2    | Noticed an orc warlord
 24804 | Orc:1    | Found Kettor's Assorted Antiques.
 24812 | Orc:1    | Bought an ivory ring for 120 gold pieces
 24855 | Orc:2    | Found Irphouc's General Store.
 25513 | Orc:2    | Killed an orc warlord
 25528 | Orc:2    | Reached skill level 17 in Spellcasting
 26173 | Orc:2    | Noticed Erolcha
 26187 | Orc:2    | Killed Erolcha
 26595 | Orc:2    | Found Yli Tene's Book Shoppe.
 27030 | Orc:2    | Found a staircase to the Elven Halls.
 27375 | D:11     | Found a frozen archway.
 27397 | D:11     | Reached skill level 1 in Shields
 27684 | IceCv    | Entered an ice cave
 28461 | IceCv    | Noticed a reaper
 28469 | IceCv    | Killed a reaper
 29406 | D:12     | Noticed Maurice
 29406 | D:12     | Killed Maurice
 29574 | D:12     | Identified the +2 hand axe of Nightmares {freeze, Dex+2}
 29574 | D:12     | Noticed a storm dragon
 29574 | D:12     | Noticed a storm dragon
 30035 | D:12     | Noticed Azrael
 30037 | D:12     | Reached skill level 18 in Spellcasting
 30279 | D:12     | Reached skill level 1 in Armour
 30549 | D:12     | Killed a storm dragon
 30681 | D:12     | Reached XP level 15. HP: 73/73 MP: 32/40
 30864 | D:12     | Found the +8 glaive of the Guard {elec, spectral, AC+5}
 31098 | Shoals:1 | Entered Level 1 of the Shoals
 31629 | Shoals:1 | Identified the +9 spear of Neigoj {pain, Int+2}
 31780 | Shoals:1 | Identified the +8 hand axe of Magnificence {chaos, rC+
                  | Dex+4}
 31872 | Shoals:1 | Reached skill level 10 in Earth Magic
 33010 | Shoals:2 | Noticed a kraken
 34304 | Shoals:2 | Reached skill level 19 in Spellcasting
 34390 | Shoals:2 | Noticed a kraken
 35206 | Shoals:3 | Found a runed translucent gate.
 35206 | Shoals:3 | Found a runed translucent gate.
 35206 | Shoals:3 | Found a runed translucent gate.
 35208 | Shoals:3 | Found an opulent altar of Gozag.
 35650 | Shoals:3 | Noticed Ismar's ghost (adept TeWz)
 36658 | Shoals:3 | Reached XP level 16. HP: 76/77 MP: 29/42
 37101 | Shoals:3 | Learned a level 5 spell: Lee's Rapid Deconstruction
 37107 | Shoals:3 | Learned a level 5 spell: Bolt of Magma
 37162 | Shoals:4 | Entered Level 4 of the Shoals
 37380 | Shoals:4 | Identified the +4 ring mail "Vudoan Nefu" {Will+ Str+3
                  | Int-5 Dex+5}
 38199 | Shoals:4 | HP: 3/77 [merfolk/+0 trident (1)]
 38480 | D:5      | Bought a book of Cantrips for 280 gold pieces
 38480 | D:5      | Bought the Handbook of Ice and the Traveller for 1078 gold
                  | pieces
 38487 | D:5      | Learned a level 6 spell: Dispersal
 38756 | Shoals:4 | Reached skill level 1 in Fire Magic
 39748 | Shoals:4 | Reached skill level 5 in Poison Magic
 39971 | Shoals:3 | Reached skill level 5 in Air Magic
 40312 | Shoals:4 | Learned a level 1 spell: Apportation
 40544 | Shoals:4 | Got a barnacled rune of Zot
 40736 | Snake:1  | Entered Level 1 of the Snake Pit
 40819 | Snake:1  | Found a runed translucent gate.
 40819 | Snake:1  | Found a runed translucent gate.
 40819 | Snake:1  | Found a runed translucent gate.
 40870 | Snake:1  | Identified the amulet of Ilaol {Faith Regen+ Int+2}
 40946 | Snake:1  | Noticed Sergey's ghost (journeyman DDFi)
 41592 | Snake:1  | Upgraded the game from 0.27-a0-1196-g3e9cee4cb2 to
                  | 0.27-a0-1200-g94dc6ad4cf
 42882 | Snake:2  | Noticed Aizul
 43042 | Snake:2  | Demolished by a naga

Illustrated notes

Levels and vault maps discovered:
D:1:      elethiomel_arrival_shortcut, layout_loops_ring
D:2:      layout_basic, basic_ecumenical_altar, basic_altar, serial_shops, shop,
          moated_statue, kennysheep_cross_room, uniq_natasha
D:3:      layout_loops_ring, nicolae_vehumet_radiance,
          nicolae_overflow_crystal_walls, gammafunk_temple_overflow_elements,
          uniq_sigmund
D:4:      layout_loops_ring, lemuel_doored_altar, serial_forest,
          infiniplex_forest_clump_small, infiniplex_forest_corner_1,
          infiniplex_forest_straight_1, infiniplex_forest_clump_C,
          infiniplex_forest_lined_corner, infiniplex_forest_clump_double,
          infiniplex_forest_straight_5, infiniplex_forest_split
D:5:      layout_gridville, serial_shops, shop
D:6:      layout_gridville, nicolae_hepliaklqana_hippocampus,
          minmay_temple_entry_large_hall
D:7:      layout_rooms, pf_just_have_faith, tgw_kikubaaqudgha
D:8:      layout_basic, lemuel_round_altar, lemuel_coloured_pillars_altar,
          lair_entry_dummy, serial_bayou_ford_a, nicolae_elemental_shop,
          eino_tiny_chamber
D:9:      layout_loops_ring, marbit_many_paths, amcnicky_altar_gilded,
          st_stairs_11, uniq_joseph
D:10:     layout_roguey, overflow_temple_1_default, trog_hazing_becter,
          jmf_multi_god_temple2, orc_0_dummy, hangedman_incinerator
D:11:     layout_cave_pools, portal_ice_cave_entry_animals_and_master
D:12:     minmay_guarded_unrand_guard, layout_loops_ring,
          chequers_serial_rivers_room_b, minivault_14, uniq_azrael, uniq_maurice
Temple:   corrupted_temple
Lair:1:   layout_chaotic_city
Lair:2:   layout_regular_city
Lair:3:   layout_big_grid, shoals_dummy_entry, basic_altar, serial_bayou_pond_d
Lair:4:   layout_cave_pods, guppyfry_snake_entry_garden, serial_bayou_shore_a,
          serial_bayou_shore_b, grunt_megastairs_3, lemuel_fruit_fields,
          infiniplex_staircase_pool_2, serial_bayou_shore_b, uniq_rupert
Lair:5:   layout_gridlike, serial_bayou_shore_b, lemuel_fruit_fields
Lair:6:   evil_forest, layout_gridlike, slime_altar_1, serial_bayou_shore_b
Shoals:1: layout_shoals
Shoals:2: layout_shoals, nicolae_shoals_circle_sea_wall
Shoals:3: cheibrodos_shoals_three_sisters, layout_shoals, ebering_ghost_gozag
Shoals:4: shoals_end_simple, layout_shoals, uniq_nikola
Snake:1:  layout_gridlike, gammafunk_ghost_necromancy, guppyfry_snake_island
Snake:2:  gammafunk_sealed_arena, layout_onion_interference, uniq_vashnia,
          uniq_aizul
Orc:1:    nicolae_orc_accident_1, layout_caves, basic_altar, serial_shops,
          nicolae_shop_stone, uniq_josephine, uniq_snorg
Orc:2:    grunt_orc_gardens, layout_caves, grunt_orc_garden, grunt_orc_garden,
          grunt_orc_garden, grunt_orc_garden, serial_shops, shop, uniq_erolcha

Skill      XL: |  1  2  3  4  5  6  7  8  9 10 11 12 13 14 15 16 |
---------------+-------------------------------------------------+-----
Spellcasting   | 3 4 5 6 8 9 11 13 14 16 18 19 | 19.9
Earth Magic    | 3 4 5 6 7 8 9 10 11 | 11.0
Dodging        | 3 4 5 6 7 8 9 |  9.5
Short Blades   | 1 2 3 4 5 6 7 8 |  8.6
Fighting       | 1 2 3 4 |  4.0
Conjurations   | 1 2 3 4 5 |  5.0
Stealth        | 4 5 6 7 9 11 12 13 14 | 14.3
Transmutations | 3 5 6 8 9 |  9.2
Hexes          | 2 4 6 |  6.7
Translocations | 2 5 8 9 |  9.7
Evocations     | 3 5 6 |  6.1
Poison Magic   | 1 2 4 5 |  5.3
Air Magic      | 1 2 4 5 |  5.2
Shields        | 1 2 3 |  3.4
Armour         | 1 |  1.5
Fire Magic     | 3 |  3.4

Action                   |  1- 3 |  4- 6 |  7- 9 | 10-12 | 13-15 | 16-18 || total
-------------------------+-------+-------+-------+-------+-------+-------++-------
Melee: Dagger            |   179 |   181 |   133 |   261 |   767 |   260 ||  1781
 Cast: Sandblast         |    24 |    25 |    58 |    22 |    92 |    15 ||   236
       Passwall          |       |     1 |     7 |    17 |    57 |    20 ||   102
       Stone Arrow       |       |       |    75 |   147 |   374 |   101 ||   697
       Magic Dart        |       |       |    10 |    14 |    87 |    11 ||   122
       Poisonous Vapours |       |       |       |     2 |   221 |    38 ||   261
       Fulminant Prism   |       |       |       |       |    60 |     8 ||    68
       Mephitic Cloud    |       |       |       |       |    14 |     5 ||    19
       Petrify           |       |       |       |       |     2 |       ||     2
       Bolt of Magma     |       |       |       |       |       |    32 ||    32
       Lee's Rapid Decon |       |       |       |       |       |     4 ||     4
       Apportation       |       |       |       |       |       |     2 ||     2
       Dispersal         |       |       |       |       |       |     1 ||     1
Invok: Curse Item        |       |       |     2 |     3 |     3 |     1 ||     9
       Shatter the Chain |       |       |       |       |     2 |       ||     2
Evoke: Wand              |       |       |       |       |    12 |     9 ||    21
       Condenser vane    |       |       |       |       |     1 |     2 ||     3
  Use: Scroll            |       |     6 |     3 |     1 |     3 |     5 ||    18
       Potion            |       |       |       |       |     3 |     2 ||     5
 Stab: Sleeping          |     7 |     5 |    12 |    35 |    71 |    12 ||   142
       Confused          |       |       |       |       |    16 |     4 ||    20
       Petrified         |       |       |       |       |     1 |       ||     1
       Distracted        |       |       |       |       |       |     2 ||     2
Armor: Robe              |    19 |    14 |     7 |     5 |    13 |       ||    58
       Troll leather arm |       |       |       |       |    12 |    17 ||    29
Dodge: Dodged            |   143 |   158 |   127 |   167 |   536 |   249 ||  1380
Block: Buckler           |       |       |       |       |   201 |   123 ||   324

Table legend: (Time is in decaauts)
 A = Elapsed time spent in this place.
 B = Non-inter-level travel time spent in this place.
 C = Inter-level travel time spent in this place.
 D = Time resting spent in this place.
 E = Time spent auto-exploring this place.
 F = Levels seen in this place.
 G = Mean time per level.
                   A        B        C        D        E       F      G
               +--------+--------+--------+--------+--------+-----+--------+
         Total |  35453 |  34020 |   1433 |   5742 |  21448 |  28 | 1266.2 |
       Dungeon |  12596 |  12186 |    410 |   1064 |   8934 |  12 | 1049.7 |
        Temple |    171 |    163 |      8 |      0 |    159 |   1 |  171.0 |
          Lair |   7965 |   7544 |    421 |    851 |   5387 |   6 | 1327.5 |
        Shoals |   7918 |   7428 |    490 |   2183 |   3599 |   4 | 1979.5 |
     Snake Pit |   1873 |   1865 |      8 |    265 |   1043 |   2 |  936.5 |
  Orcish Mines |   4048 |   3955 |     93 |   1363 |   1700 |   2 | 2024.0 |
      Ice Cave |    881 |    881 |      0 |     13 |    624 |   1 |  881.0 |
               +--------+--------+--------+--------+--------+-----+--------+

Top non-repeatable levels by time:
Shoals:3: 3746 daAuts
   Orc:1: 2907 daAuts
  Lair:6: 2645 daAuts
Shoals:2: 1942 daAuts
Shoals:1: 1779 daAuts
 Snake:1: 1659 daAuts
     D:1: 1654 daAuts
     D:6: 1361 daAuts
     D:3: 1337 daAuts
     D:7: 1256 daAuts
    D:12: 1221 daAuts
  Lair:1: 1181 daAuts
   Orc:2: 1140 daAuts
  Lair:2: 1101 daAuts
  Lair:4: 1080 daAuts
